 Dungeon Crawl Stone Soup version 0.14.2 (webtiles) character file.

883 Amnesiac the Prestidigitator (level 7, 0/32 HPs)
             Began as a Spriggan Artificer on Feb 11, 2018.
             Succumbed to Duvessa's poison
             ... on Level 5 of the Dungeon.
             The game lasted 00:17:01 (6494 turns).

Amnesiac the Prestidigitator (Spriggan Artificer)   Turns: 6494, Time: 00:17:01

HP   0/32        AC  4     Str  9      XL: 7   Next: 43%
MP  23/23        EV 18     Int 14      God:
Gold 162         SH  0     Dex 16      Spells:  0 memorised,  6 levels left

rFire  . . .     SeeInvis +     b - +2,+4 sling
rCold  . . .     Clarity  .     e - +0 robe
rNeg   . . .     Conserve .     (shield restricted)
rPois  .         rCorr    .     (helmet restricted)
rElec  .         rRot     .     y - +1 cloak
SustAb . .       Spirit   .     (gloves unavailable)
rMut   .         Warding  .     (boots unavailable)
Saprov . . .     Stasis   .     (no amulet)
MR     +....                    (no ring)
                                G - ring of see invisible

@: lethally poisoned, very quick, somewhat resistant to hostile enchantments,
fairly stealthy
A: unfitting armour, see invisible, herbivore 3, speed 3, slow metabolism 2
a: no special abilities


You were on level 5 of the Dungeon.
You were not hungry.

You visited 2 branches of the dungeon, and saw 6 of its levels.
You also visited: Sewer.

You collected 162 gold pieces.

Inventory:

Hand weapons
 a - a +0,+0 short sword
 b - a +2,+4 sling (weapon)
 z - a +4,+4 quarterstaff of chaos
Missiles
 i - 92 bolts
 k - 40 stones
 l - 10 sling bullets
 q - 29 poisoned needles
 t - 4 poisoned darts (quivered)
 x - 4 curare-tipped needles
Armour
 e - a +0 robe (worn)
 y - a +1 cloak (worn)
Magical devices
 c - a wand of enslavement (24)
 d - a wand of random effects (15)
 p - a wand of flame (11)
Comestibles
 h - 3 bread rations
 v - 8 grapes
 w - 2 apples
 A - a pear
Scrolls
 g - 2 scrolls of magic mapping {!r}
 j - 2 scrolls of remove curse {!r}
 o - a scroll of immolation {!r}
 r - a scroll of teleportation {!r}
 E - a scroll of fog {!r}
 F - 2 scrolls of random uselessness {!r}
Jewellery
 G - a ring of see invisible (left hand)
Potions
 f - 2 potions of confusion {!q, unknown}
 m - a potion of agility {!q}
 n - 2 potions of brilliance {!q}
 s - a potion of invisibility {!q, unknown}
 u - 2 potions of heal wounds {!q}
 B - a potion of magic {!q}
 D - 2 potions of curing {!q}


   Skills:
 - Level 0.7 Fighting
 - Level 1.1 Short Blades
 - Level 3.0 Dodging
 - Level 1.5 Stealth
 + Level 12.1 Evocations


You had 6 spell levels left.
You didn't know any spells.

Dungeon Overview and Level Annotations

Branches:
Dungeon (5/15)             Temple (1/1) D:4

Altars:
Ashenzari
Cheibriados
Dithmenos
Elyvilon
Fedhas
Kikubaaqudgha
Makhleb
Nemelex Xobeh
Okawaru
Sif Muna
Trog
Vehumet
Xom
Yredelemnul
Zin
The Shining One

Annotations:
D:5 Duvessa


Innate Abilities, Weirdness & Mutations

You are tiny and cannot use many weapons and most armour.
You have supernaturally acute eyesight.
You are a herbivore.
You cover ground extremely quickly.
You need consume almost no food.


Message History

Aim: an iguana (moderately wounded, poisoned)
You throw a poisoned dart. The poisoned dart hits the iguana.
The iguana is moderately wounded.
The iguana closely misses you.
You kill the iguana!
Duvessa shouts!
Duvessa throws a poisoned dart.
The poisoned dart hits you!
You see here a poisoned dart.
You see here a poisoned dart.
t - a poisoned dart Duvessa throws a poisoned dart.
The poisoned dart hits you!
You are poisoned.
t - 2 poisoned darts (gained 1)
You feel sick.
Duvessa throws a poisoned dart.
The poisoned dart hits you!
You are more poisoned.
There are no items here.
Duvessa throws a poisoned dart.
The poisoned dart hits you!
You are lethally poisoned!
You see here 2 poisoned darts.
t - 4 poisoned darts (gained 2)
You feel very sick.
There are no items here.
You feel sick.
* * * LOW HITPOINT WARNING * * *
You feel sick.
* * * LOW HITPOINT WARNING * * *
You feel sick.
* * * LOW HITPOINT WARNING * * *
You feel sick.
* * * LOW HITPOINT WARNING * * *
You feel sick.
* * * LOW HITPOINT WARNING * * *
You feel sick.
* * * LOW HITPOINT WARNING * * *
You feel sick.
* * * LOW HITPOINT WARNING * * *
You feel sick.
* * * LOW HITPOINT WARNING * * *
You feel sick.
Drink which item? (? for menu, Esc to quit)
Okay, then.
* * * LOW HITPOINT WARNING * * *
You feel sick.
* * * LOW HITPOINT WARNING * * *
You feel sick.
* * * LOW HITPOINT WARNING * * *
You feel sick.
* * * LOW HITPOINT WARNING * * *
You feel sick.
* * * LOW HITPOINT WARNING * * *
You feel sick.
* * * LOW HITPOINT WARNING * * *
You feel sick.
* * * LOW HITPOINT WARNING * * *
You feel sick.
Drink which item? (? for menu, Esc to quit)
Okay, then.
Read which item? (? for menu, Esc to quit)
Okay, then.
* * * LOW HITPOINT WARNING * * *
You feel sick.
Drink which item? (? for menu, Esc to quit)
Okay, then.
You die...

########################
#.e...........@........#
#.###################.##
#.#<..................#
#.#####################
#.# #e# . #.#####≈...
#.##..#≈≈.e.
#.##.##8≈(.#


There were no monsters in sight!

Vanquished Creatures
  A phantom (D:4)
  An ogre (D:4)
  Dowan (D:5)
  Crazy Yiuf (D:2)
  A hound (D:5)
  2 iguanas
  Natasha (D:3)
  2 worker ants (D:4)
  Ijyb (D:3)
  Jessica (D:2)
  5 green rats (Sewer)
  7 adders
  6 giant mites
  3 worms
  6 giant geckos
  5 oozes
  An orc (D:3)
  4 giant cockroaches
  12 goblins
  12 hobgoblins
  16 jackals
  7 kobolds
  2 quokkas
  7 ball pythons
  6 bats
  10 giant newts
  A giant newt skeleton (D:4)
  A jackal skeleton (D:4)
  13 rats
136 creatures vanquished.

Notes
Turn   | Place    | Note
--------------------------------------------------------------
     0 | D:1      | Amnesiac, the Spriggan Artificer, began the quest for the Orb.
     0 | D:1      | Reached XP level 1. HP: 9/9 MP: 2/2
   240 | D:1      | Reached XP level 2. HP: 4/14 MP: 5/5
   528 | D:1      | Reached skill level 5 in Evocations
  1095 | D:2      | Reached XP level 3. HP: 13/17 MP: 8/8
  1127 | D:2      | Reached skill level 6 in Evocations
  1151 | D:2      | Noticed Jessica
  1160 | D:2      | Killed Jessica
  1619 | D:2      | Reached XP level 4. HP: 19/21 MP: 12/12
  1679 | D:2      | Reached skill level 7 in Evocations
  1826 | D:2      | Noticed Crazy Yiuf
  1909 | D:2      | Killed Crazy Yiuf
  2352 | D:3      | Reached skill level 8 in Evocations
  2456 | D:3      | Reached XP level 5. HP: 7/25 MP: 16/16
  2495 | D:3      | Found a glowing drain.
  2783 | Sewer    | Entered a sewer
  2972 | Sewer    | Reached skill level 9 in Evocations
  3538 | D:3      | Noticed Natasha
  3720 | D:3      | Noticed Ijyb
  3768 | D:3      | Killed Ijyb
  3843 | D:3      | Reached XP level 6. HP: 29/29 MP: 20/20
  4492 | D:3      | Killed Natasha
  4724 | D:4      | Reached skill level 10 in Evocations
  4874 | D:4      | Found a staircase to the Ecumenical Temple.
  4893 | Temple   | Entered the Ecumenical Temple
  5377 | D:4      | Reached skill level 11 in Evocations
  5396 | D:4      | Reached XP level 7. HP: 32/32 MP: 22/22
  6350 | D:5      | Entered Level 5 of the Dungeon
  6432 | D:5      | Noticed Dowan
  6437 | D:5      | Noticed Duvessa
  6447 | D:5      | Killed Dowan
  6447 | D:5      | Reached skill level 12 in Evocations
  6493 | D:5      | HP: 1/32 [poisoned by Duvessa]
  6494 | D:5      | Succumbed to Duvessa's poison

Action                   |  1- 3 |  4- 6 |  7- 9 || total
-------------------------+-------+-------+-------++-------
Melee: Short sword       |    25 |       |       ||    25
 Fire: Sling             |   116 |   408 |   104 ||   628
Throw: Dart              |       |    17 |    14 ||    31
Evoke: Wand              |     2 |     2 |       ||     4
  Use: Scroll            |       |    15 |     1 ||    16
       Potion            |       |     1 |       ||     1
 Stab: Distracted        |     1 |       |       ||     1
